AoeStats
← rasputincurcovein

Arabia

505992841Analyzed
1v1 RM · 19d ago on Sep 11, 2026· 56m 26s· 2 players
Game mode
Random Map
Map size
Tiny (2 player)
Population
200
Speed
Normal
Resources
Standard
Victory
Conquest
Starting age
Dark Age
Ending age
Imperial Age
RankedLock teamsTeams togetherTeam positionsShared explorationLock speedFull tech treeHidden civsTurbo modeCheats
Victory
Defeat
🇺🇾 Vietnamese · Uruguay
620
+18
🇺🇾 Franks · Uruguay
660
-18
jmanuelgiriboni
0:39 Loom
10:36 Feudal Age
17:16 Fletching
21:44 Padded Archer Armor
21:54 Forging
25:11 Scale Mail Armor
29:46 Castle Age
30:19 Elite Skirmisher
31:36 Bodkin Arrow
34:04 Crossbowman
39:07 Chain Mail Armor
39:08 Leather Archer Armor
42:06 Bloodlines
41:59 Husbandry
42:07 Gold Mining
43:47 Double-Bit Axe
45:57 Scale Barding Armor
46:07 Horse Collar
48:01 Chain Barding Armor
49:16 Wheelbarrow
50:13 Iron Casting
52:25 Murder Holes
52:52 Ballistics
55:34 Imperial Age
56:51 Siege Engineers
rasputincurcovein
11:22 Feudal Age
9:39 Loom
12:55 Man-at-Arms
16:19 Double-Bit Axe
24:03 Scale Mail Armor
24:16 Forging
24:00 Fletching
25:23 Padded Archer Armor
28:40 Wheelbarrow
31:30 Castle Age
31:35 Scale Barding Armor
31:57 Elite Skirmisher
32:01 Long Swordsman
32:31 Gambesons
34:37 Squires
35:54 Iron Casting
35:19 Bodkin Arrow
35:43 Chain Mail Armor
38:43 Leather Archer Armor
41:48 Bow Saw
42:56 Chain Barding Armor
44:27 Husbandry
54:12 Imperial Age
Connection lost

Rejoining the realm…

Still unreachable

The connection could not be restored.

Session expired

The server has moved on; the page needs a fresh start.